AoeStats
← NDF

Arena

505569385Analyzed
1v1 RM · 21d ago on Sep 10, 2026· 42m 11s· 2 players
Game mode
Random Map
Map size
Tiny (2 player)
Population
200
Speed
Normal
Resources
Standard
Victory
Conquest
Starting age
Dark Age
Ending age
Imperial Age
RankedLock teamsTeams togetherTeam positionsShared explorationLock speedFull tech treeHidden civsTurbo modeCheats
Victory
Defeat
🇦🇷 Teutons · Argentina
487
+16
🇨🇱 Turks · Chile
489
-16
NDF
3:06 Loom
12:55 Feudal Age
18:02 Castle Age
17:27 Double-Bit Axe
18:25 Horse Collar
19:29 Crossbowman
20:56 Gold Mining
21:15 Fletching
21:26 Padded Archer Armor
22:10 Stone Mining
22:21 Arson
24:01 Squires
26:48 Scale Mail Armor
31:35 Stone Shaft Mining
31:54 Heavy Plow
37:15 Imperial Age
34:44 Pikeman
35:55 Masonry
37:51 Bow Saw
37:31 Capped Ram
39:07 Ballistics
40:06 Halberdier
Meketrefe
0:29 Loom
10:45 Feudal Age
14:07 Town Watch
18:48 Wheelbarrow
22:39 Castle Age
24:22 Bloodlines
24:14 Husbandry
24:46 Hand Cart
25:22 Fletching
29:02 Town Patrol
35:14 Imperial Age
34:35 Bodkin Arrow
35:56 Thumb Ring
37:12 Scale Barding Armor
38:05 Conscription
Connection lost

Rejoining the realm…

Still unreachable

The connection could not be restored.

Session expired

The server has moved on; the page needs a fresh start.